 Dungeon Crawl Stone Soup version 0.21.1-1-g345015f (webtiles) character file.

51 CrazyArbalest the Bolt Thrower (level 4, -2/27 HPs)
             Began as a Kobold Hunter on July 13, 2018.
             Slain by a gnoll
             ... wielding a +0 spear
              (10 damage)
             ... on level 2 of the Dungeon.
             The game lasted 00:05:19 (1110 turns).

CrazyArbalest the Bolt Thrower (Kobold Hunter)      Turns: 1110, Time: 00:05:20

Health: -2/27      AC:  3    Str: 10    XL:     4   Next: 7%
Magic:  4/4        EV: 14    Int: 12    God:
Gold:   59         SH:  0    Dex: 15    Spells: 3/3 levels left

rFire    . . .     SeeInvis .   b - +1 hand crossbow
rCold    . . .     Gourm    .   (shield restricted)
rNeg     . . .     Faith    .   c - +0 leather armour
rPois    .         Spirit   .   (no helmet)
rElec    .         Reflect  .   (no cloak)
rCorr    .         Harm     .   (no gloves)
MR       .....                  (no boots)
Stlth    ++........             (no amulet)
HPRegen  0.09/turn              (no ring)
MPRegen  0.09/turn              (no ring)

@: no status effects
A: small, carnivore
a: no special abilities


You were on level 2 of the Dungeon.
You were completely stuffed.

You visited 1 branch of the dungeon, and saw 2 of its levels.

You collected 59 gold pieces.

Inventory:

Hand Weapons
 a - a +0 short sword
 b - a +1 hand crossbow (weapon)
 j - a cursed -2 dagger
 k - a +2 dagger of speed
Missiles
 d - 13 bolts (quivered)
Armour
 c - a +0 leather armour (worn)
Scrolls
 g - a scroll of enchant armour {unknown}
 l - a scroll of amnesia {unknown}
 m - a scroll of remove curse {unknown}
Potions
 e - 2 potions of agility {unknown}
 i - a potion of mutation {unknown}
 n - a potion of magic {unknown}
Comestibles
 f - 2 rations
 h - 4 chunks of flesh


   Skills:
 + Level 2.4 Fighting
 + Level 1.9 Short Blades
 * Level 5.7 Crossbows
 + Level 0.3 Armour
 + Level 2.5 Dodging
 + Level 1.7 Stealth


You had 3 spell levels left.
You didn't know any spells.

Dungeon Overview and Level Annotations

Branches:
Dungeon (2/15)

Altars:


Innate Abilities, Weirdness & Mutations

You are small and have problems with some larger weapons.
You are carnivorous and can eat meat at any time.


Message History

Aim: a gnoll, wielding a spear (moderately wounded, fast)
You shoot a bolt. The bolt closely misses the gnoll.
The bolt barely misses the gnoll.
Firing (i - inventory):
d - 15 bolts (quivered)
Press: ? - help, Shift-Dir - straight line, f/p - gnoll
Aim: a gnoll, wielding a spear (moderately wounded, fast)
You shoot a bolt. The bolt closely misses the gnoll.
The bolt hits the gnoll.
The gnoll is heavily wounded.
The gnoll hits you. The gnoll barely misses you.
Firing (i - inventory):
d - 14 bolts (quivered)
Press: ? - help, Shift-Dir - straight line, f/p - gnoll
Aim: a gnoll, wielding a spear (heavily wounded, fast)
You shoot a bolt.
The bolt hits the gnoll but does no damage.
The gnoll barely misses you. The gnoll closely misses you.
The gnoll hits you from afar with a spear.
* * * LOW HITPOINT WARNING * * *
The gnoll closely misses you.
The gnoll hits you from afar with a spear!
You die...

#....# ##......#.# #.#
######....# #.......#.# #.#
#.........# #......)#.###.#
#.......### #.......#..##.#
#.......# #.......+.....#
#.......# #.......##[...#
####.......# #####+#####...#
...........##########(#####...###
...........'....@g.....((..(.(#(.
...........#####..g...####.(.(#g.
...........# #.###########..#..
....##'##### #.# #........(..
....##.##### #.# #.######.#..
....'......# #.# ..>#..
....##.###.# #.# #####..
....##.....# #.# ..
##.#############.# ##


You could see 2 gnolls.

Vanquished Creatures
  A gnoll (D:1)
  2 oozes (D:2)
  3 dart slugs
  A leopard gecko (D:2)
  A ball python (D:2)
  5 goblins
  2 hobgoblins
  A quokka (D:2)
  2 bats (D:1)
  3 frilled lizards (D:1)
  5 kobolds
  4 rats
30 creatures vanquished.

Notes
Turn   | Place    | Note
-------+----------+-------------------------------------------
     0 | D:1      | CrazyArbalest the Kobold Hunter began the quest for the Orb.
     0 | D:1      | Reached XP level 1. HP: 12/12 MP: 1/1
    69 | D:1      | Reached skill level 5 in Crossbows
   217 | D:1      | Reached XP level 2. HP: 17/17 MP: 2/2
   389 | D:1      | Reached skill level 1 in Short Blades
   389 | D:1      | Reached XP level 3. HP: 13/21 MP: 3/3
   984 | D:2      | Found a faded altar of an unknown god.
  1008 | D:2      | Reached XP level 4. HP: 14/27 MP: 4/4
  1110 | D:2      | Slain by a gnoll

Skill      XL: |  1  2 |
---------------+-------+-----
Crossbows      | 5 |  5.7
Short Blades   | 1 |  1.9
Fighting       | |  2.4
Armour         | |  0.3
Dodging        | |  2.5
Stealth        | |  1.7

Action                   |  1- 3 |  4- 6 || total
-------------------------+-------+-------++-------
Melee: Short sword       |    89 |     7 ||    96
 Fire: Hand crossbow     |     6 |     7 ||    13
 Stab: Sleeping          |     1 |       ||     1
  Eat: Chunk             |     8 |     1 ||     9
Armor: Leather armour    |    17 |     1 ||    18
Dodge: Dodged            |    55 |    13 ||    68
